 Dungeon Crawl Stone Soup version 0.29-a0-322-g68df515428 (webtiles) character file.

Game seed: 11090344311414244708

2568 kae the Conjurer (level 9, 0/43 (52) HPs)
             Began as a Tengu Fire Elementalist on Apr 7, 2022.
             Was an Initiate of Sif Muna.
             Slain by a wight
             ... wielding a +1 spear of flaming
              (1 damage)
             ... on level 6 of the Dungeon.
             The game lasted 00:05:15 (9388 turns).

kae the Conjurer (Tengu Fire Elementalist)          Turns: 9388, Time: 00:05:16

HP:   0/43 (52)     AC:  2    Str: 14    XL:     9   Next: 57%
MP:   8/17          EV: 19    Int: 21    God:    Sif Muna [......]
Gold: 336           SH:  0    Dex: 20    Spells: 11/17 levels left

rFire   . . .      SeeInvis .   (no weapon)
rCold   . . .      Faith    .   (no shield)
rNeg    . . .      Spirit   .   a - +0 robe
rPois   .          Reflect  .   (helmet restricted)
rElec   .          Harm     .   (no cloak)
rCorr   .          Rampage  .   (no gloves)
Will    .....                   (boots unavailable)
Stlth   ++........              (no amulet)
HPRegen 0.14/turn               t - +6 ring of dexterity
MPRegen 0.15/turn               i - +6 ring of strength

@: flying quickly and evasively, studying Bows, heavily drained, quick
A: beak, talons 3, nimble flight
a: Renounce Religion


You were on level 6 of the Dungeon.
You worshipped Sif Muna.
Sif Muna was noncommittal.
You visited 2 branches of the dungeon, and saw 7 of its levels.
You also visited: Ossuary.

You collected 336 gold pieces.

Inventory:

Armour
 a - a +0 robe (worn)
Jewellery
 i - a +6 ring of strength (right hand)
 m - a ring of protection from cold
 t - a +6 ring of dexterity (left hand)
Wands
 e - a wand of flame (17)
 u - a wand of paralysis (11)
Scrolls
 l - 2 scrolls of teleportation
 o - 2 scrolls of magic mapping
Potions
 b - a potion of magic
 c - 2 potions of lignification
 d - 2 potions of haste
 f - a potion of degeneration {unknown}
 g - a potion of might
 h - a potion of attraction
 j - 2 potions of heal wounds
 k - a potion of berserk rage
 q - a potion of mutation {unknown}
 r - a potion of invisibility
 s - 3 potions of brilliance {unknown}


   Skills:
 + Level 4.6 Fighting
 + Level 5.2 Armour
 + Level 5.8 Dodging
 - Level 2.0 Stealth
 + Level 4.8 Spellcasting
 + Level 6.3 Conjurations
 + Level 6.2 Fire Magic
 + Level 2.4 Invocations
 + Level 2.6 Evocations


You had 11 spell levels left.
You knew the following spells:

 Your Spells              Type           Power      Damage    Failure   Level
a - Foxfire               Conj/Fire      100%       2x1d9     1%          1
b - Scorch                Fire           62%        2d8       1%          2
c - Conjure Flame         Conj/Fire      31%        6-21      2%          3

Your spell library contained the following spells:

 Spells                   Type           Power      Damage    Failure   Level
 Static Discharge         Conj/Air       18%        N/A       4%          2
 Inner Flame              Hex/Fire       18%        N/A       9%          3
 Flame Wave               Conj/Fire      31%        2d8       9%          4
 Animate Skeleton         Necr           10%        N/A       11%         1
 Apportation              Tloc           10%        N/A       11%         1
 Slow                     Hex            20%        N/A       11%         1
 Summon Small Mammal      Summ           20%        N/A       11%         1
 Confusing Touch          Hex            5%         N/A       32%         3
 Tukima's Dance           Hex            5%         N/A       32%         3
 Vampiric Draining        Necr           5%         2d6       32%         3
 Lightning Bolt           Conj/Air       9%         1d21      63%         5
 Anguish                  Hex/Necr       2%         N/A       73%         4
 Enfeeble                 Hex            2%         N/A       100%        7
 Maxwell's Capacitive Co  Air            2%         ∞         100%        8


Dungeon Overview and Level Annotations

Branches:
Dungeon (6/15)             Temple (1/1) D:4         Ossuary (visited)

Altars:
Ashenzari
Cheibriados
Dithmenos
Elyvilon
Fedhas
Gozag
Hepliaklqana
Makhleb
Nemelex Xobeh
Okawaru
Ru
Sif Muna
Trog
Uskayaw
Vehumet
Wu Jian
Yredelemnul
Zin

Shops:
D:3 :

Annotations:
D:6 Grinder


Innate Abilities, Weirdness & Mutations

You have a beak for a mouth.
You have claws for feet.
Your magical nature lets you fly swiftly and evasively.


Message History

Confirm with . or Enter, or press ? or * to list all spells.
Flames lash the wight.
The wight is moderately damaged.
The wight's fire resistance burns away.
The wight completely misses you.
Casting: Scorch (safe; 1% risk of failure)
Confirm with . or Enter, or press ? or * to list all spells.
Flames lash the wight.
The wight is severely damaged.
The wight's fire resistance burns away.
The wight closely misses you.
The wight is no longer more vulnerable to fire.
The wight hits you from afar with a +1 spear of flaming!
The wight burns you.
Things that are here:
a +2 mace; a +0 robe
Casting: Scorch (safe; 1% risk of failure)
Confirm with . or Enter, or press ? or * to list all spells.
Flames lash the wight.
The wight is burned terribly!
You destroy the wight!
Sif Muna accepts your kill.
The wight hits you from afar with a +1 spear of flaming.
You feel drained. The wight burns you.
The wight hits you from afar with a +1 spear of flaming.
You feel drained. The wight burns you.
Casting: Scorch (safe; 1% risk of failure)
Confirm with . or Enter, or press ? or * to list all spells.
Flames lash the wight but do no damage.
The wight closely misses you.
The wight hits you from afar with a +1 spear of flaming!
* * * LOW HITPOINT WARNING * * *
You feel drained.
* * * LOW HITPOINT WARNING * * *
The wight burns you.
* * * LOW HITPOINT WARNING * * *
Casting: Scorch (safe; 1% risk of failure)
Confirm with . or Enter, or press ? or * to list all spells.
Flames lash the wight but do no damage.
The wight hits you from afar with a +1 spear of flaming!
* * * LOW HITPOINT WARNING * * *
You feel drained.
You die... #......... .. #......... # #? #####+###......... #.###.# #........#####.... ....... #........#...#.... ..... #........'...'.... z.z

#......).#...#...>
###'#########........#...#....
#..........z)@...#############
#................#
#................#
+................#
#................#
..................#
...#############'###
...#........#.....#
#<.......'.....#


You could see a wight.

Vanquished Creatures
  A two-headed ogre (D:5)
  A kobold demonologist (D:5)
  Sigmund (D:3)
  A water moccasin (D:5)
  A black bear (D:4)
  An ice beast (D:5)
  An ogre (D:4)
  A centaur (D:5)
  An elf zombie (Ossuary)
  A gnoll sergeant (D:5)
  A scorpion (D:5)
  3 wights (D:6)
  2 centaur zombies (Ossuary)
  A human zombie (Ossuary)
  An orc priest (D:5)
  2 hounds
  5 iguanas (D:4)
  Jessica (D:3)
  Terence (D:1)
  An orc wizard (D:3)
  Natasha (thrice) (D:2)
  3 hound zombies (Ossuary)
  3 mummies (Ossuary)
  5 gnolls (D:5)
  5 adders
  4 adder zombies (Ossuary)
  A worm (D:1)
  5 dart slugs
  12 orcs
  4 ball pythons
  8 endoplasms
  3 giant cockroaches
  5 goblins
  12 hobgoblins
  8 jackals
  4 kobolds
  5 quokkas
  6 bats
  2 frilled lizards
  2 gnoll zombies (Ossuary)
  3 goblin zombies (Ossuary)
  3 hobgoblin zombies (Ossuary)
  3 jackal zombies (Ossuary)
  3 kobold zombies (Ossuary)
  An orc zombie (Ossuary)
  6 quokka zombies
  9 rats
  2 rat zombies
158 creatures vanquished.

Vanquished Creatures (others)
  520 foxfires
520 creatures vanquished.

Grand Total: 678 creatures vanquished

Notes
Turn   | Place    | Note
-------+----------+-------------------------------------------
     0 | D:1      | kae the Tengu Fire Elementalist began the quest for the
                  | Orb.
     0 | D:1      | Reached XP level 1. HP: 10/10 MP: 4/4
   199 | D:1      | Reached XP level 2. HP: 7/16 MP: 0/6
   569 | D:1      | Found a faded altar of an unknown god.
  1029 | D:2      | Reached XP level 3. HP: 20/20 MP: 4/7
  1033 | D:2      | Reached skill level 1 in Armour
  1195 | D:2      | Found an opulent altar of Gozag.
  1274 | D:2      | Noticed Natasha
  1304 | D:2      | Killed Natasha
  1305 | D:2      | Reached skill level 1 in Fighting
  1305 | D:2      | Reached XP level 4. HP: 16/25 MP: 3/8
  1613 | D:2      | Noticed Natasha
  1635 | D:2      | Killed Natasha
  1735 | D:2      | Learned a level 2 spell: Scorch
  1739 | D:2      | Learned a level 3 spell: Conjure Flame
  1749 | D:2      | Noticed Natasha
  1754 | D:2      | Killed Natasha
  1755 | D:2      | Gained mutation: Your magical nature lets you fly swiftly
                  | and evasively. [Tengu growth]
  1755 | D:2      | Reached XP level 5. HP: 15/29 MP: 4/9
  2003 | D:2      | Noticed Terence
  2214 | D:1      | Killed Terence
  2735 | D:3      | Found Zucruf's Book Shoppe.
  3259 | D:3      | Noticed Sigmund
  3269 | D:3      | Killed Sigmund
  3270 | D:3      | Reached XP level 6. HP: 2/35 MP: 6/11
  3736 | D:3      | Noticed Jessica
  3741 | D:3      | Killed Jessica
  4347 | D:4      | Reached XP level 7. HP: 40/40 MP: 6/12
  4618 | D:4      | Found a sand-covered staircase.
  4625 | Ossuary  | Entered an ossuary
  5562 | Ossuary  | Reached skill level 5 in Fire Magic
  5935 | D:4      | Reached XP level 8. HP: 46/46 MP: 7/14
  6101 | D:4      | Found a staircase to the Ecumenical Temple.
  6263 | D:4      | Reached skill level 5 in Conjurations
  6639 | D:4      | Found a sparkling altar of Nemelex Xobeh.
  6723 | Temple   | Entered the Ecumenical Temple
  6877 | Temple   | Became a worshipper of Sif Muna the Loreminder
  6958 | D:5      | Entered Level 5 of the Dungeon
  7548 | D:5      | Reached skill level 1 in Evocations
  8105 | D:5      | Reached skill level 5 in Dodging
  8117 | D:5      | Reached skill level 1 in Invocations
  8473 | D:5      | Noticed a kobold demonologist
  8477 | D:5      | Noticed a rust devil
  8490 | D:5      | Killed a kobold demonologist
  8491 | D:5      | Reached XP level 9. HP: 52/52 MP: 10/16
  8543 | D:5      | Noticed a two-headed ogre
  8830 | D:5      | Killed a two-headed ogre
  8831 | D:5      | Reached skill level 5 in Armour
  9048 | D:6      | Noticed Grinder
  9388 | D:6      | HP: 1/45 [wight/+1 spear of flaming (7)]
  9388 | D:6      | Slain by a wight

Illustrated notes

Levels and vault maps discovered:
D:1:      scummos_arrival_forest, layout_rooms, ebering_ecumenical_altar_box
D:2:      layout_basic, basic_altar, uniq_natasha, uniq_terence
D:3:      layout_rooms, serial_shops, shop, hangedman_glass_teeth, uniq_sigmund,
          uniq_jessica
D:4:      layout_basic, nemelex_dance_club_becter, minmay_temple_entry_statues,
          enter_ossuary_4
D:5:      layout_loops_corners, minmay_manual_macuahuitl
D:6:      layout_gridville, mainiacjoe_overflow_catch_the_wave, serial_shops,
          shop, nrook_loot_triangle, uniq_grinder
Temple:   nicolae_temple_elliptical

Skill      XL: |  1  2  3  4  5  6  7  8  9 |
---------------+----------------------------+-----
Armour         | 1 2 3 4 5 |  5.2
Conjurations   | 2 3 4 5 6 |  6.3
Fighting       | 1 2 3 4 |  4.6
Dodging        | 3 4 5 |  5.8
Fire Magic     | 4 5 6 |  6.2
Spellcasting   | 3 4 |  4.8
Evocations     | 1 2 |  2.6
Invocations    | 1 2 |  2.4
Stealth        | |  2.0

Action                   |  1- 3 |  4- 6 |  7- 9 || total
-------------------------+-------+-------+-------++-------
Melee: Unarmed           |    15 |    25 |    16 ||    56
       Peck              |     2 |     1 |     6 ||     9
       Kick              |     5 |     9 |     5 ||    19
       Punch             |       |       |     1 ||     1
 Cast: Foxfire           |    54 |    78 |   171 ||   303
       Scorch            |       |    23 |    54 ||    77
       Conjure Flame     |       |       |     3 ||     3
  Use: Scroll            |     1 |     5 |     9 ||    15
       Potion            |       |     1 |     1 ||     2
Armor: Robe              |     5 |     2 |    14 ||    21
       Skin              |       |     8 |       ||     8
Dodge: Dodged            |    19 |    31 |   146 ||   196

Table legend: (Time is in decaauts)
 A = Elapsed time spent in this place.
 B = Non-inter-level travel time spent in this place.
 C = Inter-level travel time spent in this place.
 D = Time resting spent in this place.
 E = Time spent auto-exploring this place.
 F = Levels seen in this place.
 G = Mean time per level.
                   A        B        C        D        E       F      G
               +--------+--------+--------+--------+--------+-----+--------+
         Total |   9112 |   8866 |    246 |    882 |   6483 |   8 | 1139.0 |
       Dungeon |   7781 |   7560 |    221 |    834 |   5470 |   6 | 1296.8 |
        Temple |    151 |    127 |     24 |      0 |    112 |   1 |  151.0 |
       Ossuary |   1180 |   1180 |      0 |     48 |    899 |   1 | 1180.0 |
               +--------+--------+--------+--------+--------+-----+--------+

Top non-repeatable levels by time:
     D:5: 1901 daAuts
     D:3: 1580 daAuts
     D:1: 1454 daAuts
     D:4: 1289 daAuts
 Ossuary: 1180 daAuts
     D:2: 1170 daAuts
     D:6: 385 daAuts
  Temple: 151 daAuts
